 Dungeon Sprint DCSS version bcrawl-1.21.3 (webtiles) character file.

Game seed: 49942904597099300

48751 DieBirke the Shatterer (level 14, -27/138 HPs)
             Began as a Sand Dwarf Fighter on Apr 9, 2020.
             Was the Champion of Cheibriados.
             Hit by a large rock thrown by a stone giant (43 damage)
             ... in the Dungeon (Sprint IX: "|||||||||||||||||||||||||||||").
             The game lasted 00:07:24 (4717 turns).

DieBirke the Shatterer (Sand Dwarf Fighter)         Turns: 4717, Time: 00:07:25

Health: -27/138    AC: 20    Str: 35    XL:     14   Next: 47%
Magic:  13/28      EV: 20    Int: 30    God:    Cheibriados [******]
Gold:   1194       SH: 12    Dex: 25    Spells: 18/18 levels left

rFire    + . .     SeeInvis +   H - +8 whip "Snakebite" {curare, rPois}
rCold    . . .     Gourm    .   p - +1 buckler {rF+}
rNeg     . . .     Faith    .   L - +3 chain mail
rPois    +         Spirit   .   D - +0 mask of the Dragon {MR+ Slay+3 SInv}
rElec    .         Reflect  .   K - +1 cloak
rCorr    .         Harm     .   A - +0 pair of gloves
MR       ++...     NoTele   +   J - +1 pair of boots
Stlth    ..........             C - amulet of magic regeneration
HPRegen  0.33/turn              t - +2 ring of evasion
MPRegen  0.46/turn              r - ring of poison resistance

@: corroded, very slow
A: small, slowness 1, armour attunement
a: Bend Time, Temporal Distortion, Slouch, Step From Time, Renounce Religion


You were in the Dungeon.
You worshipped Cheibriados.
Cheibriados was exalted by your worship.
You were not hungry.

You visited 1 branch You collected 1921 gold pieces.
You spent 727 gold pieces at shops.

Inventory:

Hand Weapons
 H - the +8 whip "Snakebite" (weapon) {curare, rPois}
   (You found it in the Dungeon)

   It poisons the flesh of those it strikes.
   It protects you from poison.
 I - a +1 demon whip
Armour
 c - a +0 medium shield
 p - a +1 buckler of fire resistance (worn)
 A - a +0 pair of gloves (worn)
 D - the +0 mask of the Dragon (worn) {MR+ Slay+3 SInv}
   (You found it in the Dungeon)

   It affects your accuracy and damage with ranged weapons and melee attacks
   (+3).
   It affects your resistance to hostile enchantments.
   It lets you see invisible.
 J - a +1 pair of boots (worn)
 K - a +1 cloak (worn)
 L - a +3 chain mail (worn)
Jewellery
 r - a ring of poison resistance (right hand)
 t - a +2 ring of evasion (left hand)
 C - an amulet of magic regeneration (around neck)
 E - an uncursed ring of protection from fire
 F - an uncursed ring of fire
 G - an uncursed ring of fire
Wands
 n - a wand of acid (3)
 o - a wand of enslavement (8)
 s - a wand of paralysis (9)
Scrolls
 k - 3 scrolls of blinking
 l - 4 scrolls of remove curse
 m - 2 scrolls of amnesia
 u - a scroll of enchant armour
 v - a scroll of fog
 w - 3 scrolls of identify
 x - 3 scrolls of fear
 y - 2 scrolls of enchant weapon
Potions
 a - a potion of resistance
 b - a potion of agility
 d - 2 potions of might
 f - a potion of invisibility
 g - 11 potions of heal wounds
 h - 2 potions of haste
 i - 5 potions of magic
 j - 7 potions of curing
 q - a potion of ambrosia {unknown}
Comestibles
 e - 10 rations {!d}


   Skills:
 + Level 16.6 Fighting
 + Level 21.8 Maces & Flails
 + Level 16.3 Armour
 + Level 6.2 Dodging
 + Level 15.7 Shields
 + Level 2.9 Spellcasting
 * Level 21.1 Invocations


You had 18 spell levels left.
You didn't know any spells.
Your spell library was empty.

Dungeon Overview and Level Annotations

Branches:
Dungeon (1/1)

Altars:
Cheibriados
Dithmenos
Elyvilon
Fedhas
Gozag
Hepliaklqana
Kikubaaqudgha
Lugonu
Makhleb
Nemelex Xobeh
Okawaru
Qazlal
Ru
Sif Muna
Trog
Uskayaw
Vehumet
Wu Jian
Xom
Yredelemnul
Zin
The Shining One
Beogh
Jiyva

Shops:
D (=[*


Innate Abilities, Weirdness & Mutations

You are small and have problems with some larger weapons.
You cover ground slowly.
Armour does not affect your spellcasting.


Message History

The yaktaur captain looks more poisoned.
The yaktaur captain is severely wounded.
You whack the yaktaur captain!
The yaktaur captain looks more poisoned.
The yaktaur captain is almost dead.
The yaktaur captain hits you!!
* * * LOW HITPOINT WARNING * * *
You whack the yaktaur captain!
You kill the yaktaur captain!
Cheibriados thoroughly appreciates the change of pace.
Your Invocations skill increases to level 21!
The stone giant throws a large rock.
The large rock hits you!!
* * * LOW HITPOINT WARNING * * *
You can feel time thicken for a moment.
You kill the hell knight!
Cheibriados appreciates the change of pace.
The hell beast disappears in a puff of smoke! x2
You feel somewhat more hungry.
The stone giant throws a large rock.
The large rock hits you!!!
You die...

.......[..[[[.).).))))...=.'.....
▓▓▓▓▓▓▓▓▓▓▓▓▓▓▓▓▓▓▓▓▓▓▓▓▓▓▓▓▓▓▓▓▓
............)......÷.............
♣♣▓▓▓▓▓▓▓▓▓▓▓▓▓▓▓▓▓▓▓▓▓▓▓▓▓▓▓▓▓▓▓
)'.........))........'...........
♣♣▓▓▓▓▓▓▓▓▓▓▓▓▓▓▓▓▓▓▓▓▓▓▓▓▓▓▓▓▓▓▓
.................................
▓▓▓▓▓▓▓▓▓▓▓▓▓▓▓▓▓▓▓▓▓▓▓▓▓▓▓▓▓▓▓▓▓
..H§)C)@))†.............
▓▓▓▓▓▓▓▓▓▓▓▓▓▓▓▓▓▓▓▓▓▓▓▓


You could see a sphinx and a stone giant.

Vanquished Creatures
  Gastronok (D)
  Kirke (D)
  A nagaraja (D)
  Agnes (D)
  A fire giant (D)
  An emperor scorpion (D)
  2 stone giants (D)
  A very ugly thing (D)
  An entropy weaver (D)
  2 spark wasps (D)
  A yaktaur captain (D)
  3 rakshasas (D)
  2 ogre magi (D)
  A naga warrior (D)
  A ghost crab (D)
  Erica (D)
  8 two-headed ogres (D)
  A deep troll earth mage (D)
  2 tengu warriors (D)
  An orc high priest (D)
  A spriggan berserker (D)
  2 shock serpents (D)
  Urug (D)
  A sea snake (D)
  A hell knight (D)
  A wizard (D)
  2 lindwurms (D)
  A harpy (D)
  A mana viper (D)
  3 orc knights (D)
  2 orc sorcerers (D)
  3 ugly things (D)
  A manticore (D)
  A salamander (D)
  2 black mambas (D)
  Joseph (D)
  Maurice (D)
  A naga mage (D)
  A cane toad (D)
  A komodo dragon (D)
  A kobold demonologist (D)
  An efreet (D)
  3 jumping spiders (D)
  2 merfolk (D)
  A troll (D)
  A wind drake (D)
  2 tyrant leeches (D)
  3 hornets (D)
  A hippogriff (D)
  2 redbacks (D)
  2 spriggans (D)
  2 water elementals (D)
  A hog (shapeshifter) (D)
  A yak (D)
  A basilisk (D)
  A fire bat (shapeshifter) (D)
  A vampire mosquito (D)
  A soldier ant (shapeshifter) (D)
  A naga (D)
  2 water moccasins (D)
  4 porcupines (D)
  3 crocodiles (D)
  8 orc warriors (D)
  2 swamp drakes (D)
  A sky beast (D)
  6 ogres (D)
  A boggart (D)
  3 bullfrogs (D)
  A scorpion (D)
  2 howler monkeys (D)
  A crimson imp (D)
  A hound (D)
  A quasit (D)
  An orc priest (D)
  4 orc wizards (D)
  2 worker ants (D)
  A shadow imp (D)
  An ooze (D)
  4 worms (D)
  9 orcs (D)
  A bat skeleton (D)
  2 giant cockroaches (D)
  A hobgoblin (D)
  A jackal skeleton (D)
  A leopard gecko zombie (D)
  A rat (D)
154 creatures vanquished.

Vanquished Creatures (others)
  A hydra (D)
  A hornet (D)
2 creatures vanquished.

Grand Total: 156 creatures vanquished

Notes
Turn   | Place    | Note
-------+----------+-------------------------------------------
     0 | D        | DieBirke the Sand Dwarf Fighter began the quest for the
                  | Orb.
     0 | D        | Reached XP level 1. HP: 19/19 MP: 1/1
     8 | D        | Reached skill level 1 in Spellcasting
    17 | D        | Reached XP level 2. HP: 21/27 MP: 1/3
   101 | D        | Reached skill level 5 in Fighting
   101 | D        | Reached skill level 5 in Maces & Flails
   101 | D        | Reached skill level 5 in Armour
   101 | D        | Reached XP level 3. HP: 36/36 MP: 3/6
   124 | D        | Reached XP level 4. HP: 11/42 MP: 7/7
   135 | D        | Found a roughly hewn altar of Beogh.
   135 | D        | Found a snail-covered altar of Cheibriados.
   135 | D        | Found a shadowy altar of Dithmenos.
   135 | D        | Found a white marble altar of Elyvilon.
   135 | D        | Found a blossoming altar of Fedhas.
   135 | D        | Found an opulent altar of Gozag.
   136 | D        | Found a hazy altar of Hepliaklqana.
   137 | D        | Found a viscous altar of Jiyva.
   138 | D        | Found an ancient bone altar of Kikubaaqudgha.
   139 | D        | Became a worshipper of Cheibriados the Contemplative
   140 | D        | Found a corrupted altar of Lugonu.
   141 | D        | Found a burning altar of Makhleb.
   142 | D        | Found a sparkling altar of Nemelex Xobeh.
   143 | D        | Found an iron altar of Okawaru.
   144 | D        | Found a stormy altar of Qazlal.
   145 | D        | Found a sacrificial altar of Ru.
   146 | D        | Found a shimmering blue altar of Sif Muna.
   147 | D        | Found a bloodstained altar of Trog.
   148 | D        | Found a hide-covered altar of Uskayaw.
   149 | D        | Found a radiant altar of Vehumet.
   150 | D        | Found an ornate altar of the Wu Jian Council.
   151 | D        | Found a shimmering altar of Xom.
   152 | D        | Found a basalt altar of Yredelemnul.
   153 | D        | Found a glowing silver altar of Zin.
   154 | D        | Found a glowing golden altar of the Shining One.
   290 | D        | Noticed an ogre
   290 | D        | Noticed a two-headed ogre
   293 | D        | Killed an ogre
   293 | D        | Reached * piety under Cheibriados
   293 | D        | Reached skill level 1 in Dodging
   293 | D        | Reached skill level 5 in Shields
   293 | D        | Reached XP level 5. HP: 37/51 MP: 9/9
   297 | D        | Killed a two-headed ogre
   297 | D        | Reached ** piety under Cheibriados
   297 | D        | Reached skill level 5 in Invocations
   297 | D        | Reached XP level 6. HP: 30/62 MP: 10/10
   297 | D        | Reached XP level 7. HP: 34/69 MP: 11/11
   302 | D        | Reached XP level 8. HP: 38/75 MP: 12/12
   460 | D        | Noticed a troll
   460 | D        | Noticed a kobold demonologist
   460 | D        | Noticed a brown ugly thing
   465 | D        | Reached *** piety under Cheibriados
   482 | D        | Killed a brown ugly thing
   488 | D        | Noticed a smoke demon
   495 | D        | Killed a kobold demonologist
   495 | D        | Reached skill level 15 in Maces & Flails
   495 | D        | Reached skill level 10 in Armour
   497 | D        | Reached **** piety under Cheibriados
   497 | D        | Reached XP level 9. HP: 24/83 MP: 13/13
   501 | D        | Killed a troll
   987 | D        | Noticed a black mamba
   987 | D        | Noticed a komodo dragon
   991 | D        | Killed a black mamba
   991 | D        | Reached ***** piety under Cheibriados
   992 | D        | Killed a komodo dragon
   994 | D        | Reached skill level 10 in Fighting
  1000 | D        | Reached skill level 10 in Shields
  1071 | D        | Noticed a cane toad
  1071 | D        | Noticed a black mamba
  1072 | D        | Reached XP level 10. HP: 93/93 MP: 15/15
  1072 | D        | Killed a black mamba
  1072 | D        | Reached ****** piety under Cheibriados
  1074 | D        | Killed a cane toad
  1158 | D        | Noticed a lindwurm
  1167 | D        | Killed a lindwurm
  1190 | D        | Noticed a lindwurm
  1196 | D        | Killed a lindwurm
  1196 | D        | Reached skill level 10 in Invocations
  1550 | D        | Noticed Gastronok
  1570 | D        | Killed Gastronok
  1570 | D        | Reached XP level 11. HP: 79/104 MP: 13/20
  1680 | D        | Noticed Urug
  1695 | D        | Killed Urug
  1897 | D        | Reached skill level 5 in Dodging
  1903 | D        | Noticed an orc knight
  1920 | D        | Killed an orc knight
  1987 | D        | Noticed an orc high priest
  1987 | D        | Noticed an orc knight
  1989 | D        | Noticed an orc knight
  1994 | D        | Noticed an orc sorcerer
  1995 | D        | Killed an orc knight
  1997 | D        | Noticed an orc sorcerer
  1998 | D        | Killed an orc high priest
  1998 | D        | Killed an orc sorcerer
  2004 | D        | Killed an orc knight
  2004 | D        | Killed an orc sorcerer
  2109 | D        | Found Utem Yqa's General Store.
  2109 | D        | Noticed a two-headed ogre
  2109 | D        | Noticed a two-headed ogre
  2109 | D        | Noticed a two-headed ogre
  2109 | D        | Noticed a two-headed ogre
  2112 | D        | Killed a two-headed ogre
  2112 | D        | Reached XP level 12. HP: 113/113 MP: 16/22
  2114 | D        | Killed a two-headed ogre
  2117 | D        | Killed a two-headed ogre
  2118 | D        | Noticed an ogre mage
  2120 | D        | Killed a two-headed ogre
  2121 | D        | Found Atuf's Armour Shop.
  2121 | D        | Noticed a two-headed ogre
  2128 | D        | Killed a two-headed ogre
  2128 | D        | Reached skill level 15 in Invocations
  2129 | D        | Found Inoar's Jewellery Boutique.
  2129 | D        | Noticed an ogre mage
  2133 | D        | Found Ariss's Antique Weapon Shop.
  2138 | D        | Killed an ogre mage
  2142 | D        | Killed an ogre mage
  2162 | D        | Noticed a two-headed ogre
  2169 | D        | Killed a two-headed ogre
  2259 | D        | Bought an uncursed ring of poison resistance for 280 gold
                  | pieces
  2259 | D        | Bought a potion of curing for 42 gold pieces
  2261 | D        | Bought a +0 medium shield for 45 gold pieces
  2263 | D        | Bought an uncursed amulet of magic regeneration for 360
                  | gold pieces
  2330 | D        | Noticed Maurice
  2331 | D        | Noticed Erica
  2335 | D        | Killed Maurice
  2338 | D        | Killed Erica
  2353 | D        | Noticed Joseph
  2367 | D        | Killed Joseph
  2508 | D        | Found the +8 whip "Snakebite" {curare, rPois}
  2519 | D        | Found the +2 robe of Vines {NoPotionHeal Regen+7}
  2526 | D        | Found the +0 mask of the Dragon {MR+ Slay+3 SInv}
  2653 | D        | Noticed a tengu warrior
  2661 | D        | Noticed a two-headed ogre
  2665 | D        | Noticed a deep troll earth mage
  2674 | D        | Killed a tengu warrior
  2675 | D        | Noticed a tengu warrior
  2682 | D        | Killed a two-headed ogre
  2689 | D        | Killed a deep troll earth mage
  2690 | D        | Noticed a stone giant
  2707 | D        | Killed a tengu warrior
  2707 | D        | Reached XP level 13. HP: 85/124 MP: 22/25
  2709 | D        | Killed a stone giant
  2710 | D        | Noticed a rakshasa
  2723 | D        | Killed a rakshasa
  3052 | D        | Noticed Agnes
  3072 | D        | Killed Agnes
  3126 | D        | Noticed Kirke
  3128 | D        | Noticed a sphinx
  3132 | D        | Noticed a sphinx
  3144 | D        | Killed Kirke
  3144 | D        | Reached skill level 15 in Fighting
  3255 | D        | Noticed an emperor scorpion
  3276 | D        | Killed an emperor scorpion
  3278 | D        | Noticed a spark wasp
  3278 | D        | Noticed an entropy weaver
  3288 | D        | Killed a spark wasp
  3293 | D        | Killed an entropy weaver
  3293 | D        | Reached skill level 15 in Armour
  3918 | D        | Reached skill level 15 in Shields
  4049 | D        | Noticed a nagaraja
  4052 | D        | Noticed a rakshasa
  4068 | D        | Killed a nagaraja
  4068 | D        | Reached XP level 14. HP: 51/137 MP: 22/27
  4072 | D        | HP: 6/138 [rakshasa/orb of energy (19)]
  4077 | D        | HP: 6/138 [poisoned by a nagaraja (poison arrow)]
  4084 | D        | HP: 6/138 [poisoned by a nagaraja (poison arrow)]
  4690 | D        | Noticed a stone giant
  4690 | D        | Noticed a fire giant
  4692 | D        | Noticed a brown very ugly thing
  4698 | D        | Noticed a stone giant
  4702 | D        | Killed a fire giant
  4706 | D        | Killed a stone giant
  4710 | D        | Killed a brown very ugly thing
  4711 | D        | Noticed a sphinx
  4717 | D        | Hit by a large rock thrown by a stone giant

Skill      XL: |  1  2  3  4  5  6  7  8  9 10 11 12 13 14 |
---------------+-------------------------------------------+-----
Fighting       | 4 5 6 8 9 10 11 12 14 16 | 16.6
Armour         | 4 5 6 9 10 11 12 13 15 16 | 16.3
Spellcasting   | 1 2 |  2.9
Maces & Flails | 5 6 9 13 15 17 19 20 21 | 21.8
Shields        | 4 5 7 8 10 11 12 13 15 | 15.7
Dodging        | 1 2 3 4 5 6 |  6.2
Invocations    | 2 5 6 7 12 14 17 19 21 | 21.1

Action                   |  1- 3 |  4- 6 |  7- 9 | 10-12 | 13-15 || total
-------------------------+-------+-------+-------+-------+-------++-------
Melee: Flail             |    58 |     7 |    58 |   169 |       ||   292
       Whip              |       |       |       |    57 |   148 ||   205
Invok: Slouch            |       |       |     3 |    18 |    16 ||    37
Evoke: Wand              |       |     2 |     5 |       |       ||     7
  Use: Potion            |     1 |     1 |       |       |       ||     2
  Eat: Chunk             |       |       |       |     5 |     3 ||     8
       Ration            |       |       |       |       |     1 ||     1
Armor: Scale mail        |    20 |     1 |    13 |    15 |       ||    49
       Chain mail        |       |       |       |     8 |    35 ||    43
       Plate armour      |       |       |       |     7 |       ||     7
Dodge: Dodged            |     8 |     3 |    17 |    65 |    68 ||   161
Block: Medium shield     |    27 |     5 |    30 |   112 |     5 ||   179
       Buckler           |       |       |       |       |    51 ||    51
